 Dungeon Crawl Stone Soup version 0.25.1-2-g60ff931df9 (webtiles) character file.

Game seed: 5803336633935440100

254 Teivard the Cudgeler (level 6, 0/48 HPs)
             Began as a Human Skald on Aug 31, 2020.
             Was an Initiate of Okawaru.
             Slain by a leopard gecko (4 damage)
             ... on level 3 of the Dungeon.
             The game lasted 00:27:59 (4304 turns).

Teivard the Cudgeler (Human Skald)                  Turns: 4304, Time: 00:27:59

Health: 0/48       AC:  3    Str: 13    XL:     6   Next: 38%
Magic:  9/9        EV: 13    Int: 14    God:    Okawaru [......]
Gold:   96         SH:  0    Dex: 12    Spells: 8/9 levels left

rFire    . . .     SeeInvis .   a - +0 mace
rCold    . . .     Gourm    .   (no shield)
rNeg     . . .     Faith    .   b - +0 leather armour
rPois    .         Spirit   .   (no helmet)
rElec    .         Reflect  .   (no cloak)
rCorr    .         Harm     .   (no gloves)
MR       .....                  (no boots)
Stlth    +.........             (no amulet)
HPRegen  0.16/turn              (no ring)
MPRegen  0.11/turn              (no ring)

@: no status effects
A: no striking features
a: Renounce Religion


You were on level 3 of the Dungeon.
You worshipped Okawaru.
Okawaru was noncommittal.
You were not hungry.

You visited 1 branch of the dungeon, and saw 3 of its levels.

You collected 96 gold pieces.

Inventory:

Hand Weapons
 a - a +0 mace (weapon)
Missiles
 i - 45 stones
 m - 6 poisoned darts (quivered)
 n - 7 curare-tipped darts
Armour
 b - a +0 leather armour (worn)
 c - a +0 scale mail
 h - a +0 chain mail
 o - a +0 ring mail
Jewellery
 k - an uncursed ring of wizardry
Wands
 g - a wand of iceblast (5)
 j - a wand of flame (4)
 p - a wand of disintegration (7)
Scrolls
 l - a scroll of amnesia {unknown}
Potions
 f - a potion of brilliance
Comestibles
 d - 6 rations
 q - 6 chunks of flesh


   Skills:
 - Level 4.0 Fighting
 - Level 4.0 Maces & Flails
 - Level 1.0 Armour
 + Level 3.5 Dodging
 - Level 2.0 Spellcasting
 - Level 3.0 Charms


You had 8 spell levels left.
You knew the following spells:

 Your Spells              Type           Power        Failure   Level  Hunger
a - Infusion              Chrm           #...         9%          1    ##.....

Your spell library contained the following spells:

 Spells                   Type           Power        Failure   Level  Hunger
 Song of Slaying          Chrm           #.......     13%         2    ###....
 Shroud of Golubria       Chrm/Tloc      #.....       24%         2    ###....
 Ozocubu's Armour         Chrm/Ice       #.......     43%         3    ####...
 Spectral Weapon          Hex/Chrm       #.......     43%         3    ####...


Dungeon Overview and Level Annotations

Branches:
Dungeon (3/15)

Altars:
Fedhas
Okawaru
Yredelemnul

Annotations:
D:3 Natasha


Message History

Okay, then.
Okay, then.
You sock the orc priest!
You kill the orc priest!
Okawaru accepts your kill.
Natasha, Servant of Life and Death comes into view.
The orc closely misses you.
Natasha moves out of view.
Natasha casts a spell.
The orc hits you with a +0 mace.
* * * LOW HITPOINT WARNING * * *
Natasha mumbles some strange words.
A leopard gecko comes into view.
The leopard gecko bites you but does no damage.
The leopard gecko bites you.
* * * LOW HITPOINT WARNING * * *
Natasha extends her claws.
Natasha casts a spell.
You see here a stone.
The leopard gecko bites you.
You die...

#######.##......###
................#..#.# ###
... ######÷##......# #.. ...
..# #÷###.##.## #.# #.# #.#
#.# #.##.# #.# #.# #.# #.#
#.##.# #.###.# ##.####.## #.#
#.##.#
#.....###...##...###.###.##.#
#..5.h..ool@<........##.#
#.###...(.5....########.# #.#
##.#(......##### #.# #.#
#............... #o#
###.......######
#h######)......#
#...o.h))......#
################


You could see an iron imp (summoned), Natasha, 2 orcs and a leopard gecko.

Vanquished Creatures
  An orc priest (D:3)
  An orc wizard (D:3)
  Natasha (D:3)
  Terence (D:2)
  6 adders
  A worm (D:2)
  A dart slug (D:1)
  2 leopard geckos
  9 orcs (D:3)
  4 ball pythons
  6 bats
  7 giant cockroaches
  2 gnoll zombies (D:2)
  5 goblins
  8 hobgoblins
  2 quokkas (D:3)
  8 frilled lizards
  9 kobolds
  3 rats (D:1)
77 creatures vanquished.

Notes
Turn   | Place    | Note
-------+----------+-------------------------------------------
     0 | D:1      | Teivard the Human Skald began the quest for the Orb.
     0 | D:1      | Reached XP level 1. HP: 16/16 MP: 3/3
   181 | D:1      | Reached XP level 2. HP: 16/22 MP: 5/5
   847 | D:1      | Reached XP level 3. HP: 27/27 MP: 6/6
  1943 | D:2      | Noticed Terence
  2117 | D:2      | Reached XP level 4. HP: 20/33 MP: 3/7
  2118 | D:2      | Found a blossoming altar of Fedhas.
  2579 | D:2      | Killed Terence
  2784 | D:2      | Found a basalt altar of Yredelemnul.
  2885 | D:2      | Found a faded altar of an unknown god.
  2923 | D:2      | Reached XP level 5. HP: 39/41 MP: 3/8
  3425 | D:3      | Noticed Natasha
  3433 | D:3      | Killed Natasha
  3604 | D:3      | Reached XP level 6. HP: 43/48 MP: 5/9
  3718 | D:3      | Found an iron altar of Okawaru.
  3731 | D:3      | Became a worshipper of Warmaster Okawaru
  4284 | D:3      | Noticed Natasha
  4304 | D:3      | Slain by a leopard gecko

Illustrated notes

Levels and vault maps discovered:
D:1:      scummos_arrival_star, layout_loops_ring, minmay_misc_feat_encased,
          minmay_shallow_snake_nest
D:2:      layout_loops_cross, lemuel_zombie_altar_yredelemnul,
          marbit_many_paths, chequers_ecumenical_altar_simple_redux,
          first_ration, uniq_terence
D:3:      layout_loops_ring, okawaru_metal_pillars_1_2, uniq_natasha

Skill      XL: |  1  2  3  4  5  6 |
---------------+-------------------+-----
Maces & Flails | 3 4 |  4.0
Fighting       | 3 4 |  4.0
Dodging        | 3 |  3.5
Armour         | |  1.0
Spellcasting   | |  2.0
Charms         | |  3.0

Action                   |  1- 3 |  4- 6 || total
-------------------------+-------+-------++-------
Melee: Mace              |   121 |   120 ||   241
Throw: Stone             |    69 |    58 ||   127
       Dart              |       |    21 ||    21
 Cast: Infusion          |     3 |     8 ||    11
Evoke: Wand              |     2 |     5 ||     7
  Use: Scroll            |     4 |       ||     4
       Potion            |       |     1 ||     1
  Eat: Chunk             |     4 |     7 ||    11
Armor: Leather armour    |    23 |    23 ||    46
Dodge: Dodged            |    71 |    78 ||   149
